 Dungeon Crawl Stone Soup version 0.31-a0-1068-g5939ac1fb6 (webtiles) character file.

Game seed: 14087954659771715116

963 kae the Firebug (level 7, -3/36 HPs)
             Began as a Deep Elf Fire Elementalist on Nov 23, 2023.
             Succumbed to a scorpion's poison
             ... on level 5 of the Dungeon.
             The game lasted 00:03:59 (5865 turns).

kae the Firebug (Deep Elf Fire Elementalist)        Turns: 5865, Time: 00:03:59

Health: -3/36      AC:  6    Str:  5    XL:     7   Next: 92%
Magic:  14/18      EV: 12    Int: 22    God:
Gold:   32         SH:  0    Dex: 15    Spells: 5/18 levels left

rFire   + . .        (no weapon)
rCold   . . .        (no shield)
rNeg    . . .        p - +1 robe {rF+}
rPois   .            (no helmet)
rElec   .            (no cloak)
rCorr   .            l - +2 pair of gloves
SInv    .            (no boots)
Will    .....        (no amulet)
Stlth   ++           (no ring)
HPRegen 0.26/turn    (no ring)
MPRegen 0.16/turn

%: no passive effects
@: lethally poisoned (-3 -> -28)
A: no striking features
a: no special abilities


You were on level 5 of the Dungeon.
You visited 1 branch of the dungeon, and saw 5 of its levels.

You collected 223 gold pieces.
You spent 191 gold pieces at shops.


   Skills:
 - Level 2.4 Dodging
 - Level 2.4 Stealth
 + Level 6.3 Spellcasting
 + Level 4.7 Conjurations
 - Level 3.0 Hexes
 * Level 7.6 Fire Magic


You had 5 spell levels left.
You knew the following spells:

 Your Spells              Type           Power      Damage    Failure   Level
a - Foxfire               Conj/Fire      100%       2x1d9     1%          1
b - Scorch                Fire           80%        2d8       1%          2
c - Inner Flame           Hex/Fire       30%        N/A       3%          3
d - Flame Wave            Conj/Fire      34%        2d10      7%          4
e - Volatile Blastmotes   Fire/Tloc      46%        2d13      5%          3

Your spell library contained the following spells:

 Spells                   Type           Power      Damage    Failure   Level
 Shock                    Conj/Air       68%        1d7       3%          1
 Jinxbite                 Hex            40%        N/A       3%          2
 Apportation              Tloc           12%        N/A       9%          1
 Sublimation of Blood     Necr           6%         N/A       13%         2
 Swiftness                Air            6%         N/A       26%         3
 Airstrike                Air            3%         2d(1-17)  65%         4
 Petrify                  Tmut/Erth      6%         N/A       65%         4
 Irradiate                Conj/Tmut      8%         3d14      67%         5
 Summon Mana Viper        Hex/Summ       13%        N/A       78%         5
 Alistair's Intoxication  Tmut/Pois      4%         N/A       94%         5
 Summon Forest            Summ/Tloc      3%         N/A       94%         5
 Summon Cactus Giant      Summ           3%         N/A       100%        6

Inventory:

Missiles
 c - 52 stones
 f - 17 poisoned darts
 k - 4 javelins
 q - 2 throwing nets {=f!f}
Armour
 a - a +1 robe
 l - a +2 pair of gloves (worn)
   (You found it on level 4 of the Dungeon)
 p - a +1 robe of fire resistance (worn)
   (You bought it in a shop on level 4 of the Dungeon)
Wands
 h - a wand of polymorph (8)
   (You took it off a wight on level 4 of the Dungeon)
Scrolls
 e - 4 scrolls of fog
 m - a scroll of revelation
 n - a scroll of teleportation {@r4}
 r - a scroll of immolation {unknown}
Potions
 b - 3 potions of magic
 d - 2 potions of lignification {!q}
 g - 2 potions of enlightenment {unknown}
 i - a potion of degeneration {!q}
 j - a potion of haste {@q3}
 o - 2 potions of heal wounds {unknown}

Dungeon Overview and Level Annotations

Branches:
Dungeon (5/15) Zot: 24140
 Temple: D:4-7

Altars:
Makhleb

Shops:
D:2 (   D:4 [!?

Annotations:
D:3 Sigmund

#........# #........#
#........# #........#
#...[....# .# #........#
.# . #........# #.##.
#......@.###.....
###.####..#...# ##.....#
# #...### # #.# ##.....#
## ###.###
#...##.#########.
#.....###..###..#........
#........>.####..######..
#.............##....# #..


There were no monsters in sight!


Message History

😎 MP[-1]
You lost 1 mp, and now have 15/18 mp.
A crimson imp is nearby!
Casting: Foxfire (safe; 1% risk of failure)
Confirm with . or Enter, or press ? or * to list all spells.
Flames lash the crimson imp.
The crimson imp completely resists.
The crimson imp hits you.
The crimson imp hits you but does no damage. 😕 HP[-3] MP[-1]
You take 3 damage, and now have 33/36 hp.
You lost 1 mp, and now have 14/18 mp.
Unknown command.
Casting: Scorch (safe; 1% risk of failure)
Confirm with . or Enter, or press ? or * to list all spells.
Flames lash the crimson imp.
The crimson imp completely resists.
The crimson imp barely misses you.
The crimson imp hits you but does no damage. 😕 HP[+1] MP[-2]
You lost 2 mp, and now have 12/18 mp.
Unknown command.
Okay, then.
Aiming: Polymorph
Press: ? - help, Shift-Dir - straight line, f - crimson imp
Aim: a crimson imp (will become a cerulean imp, a white imp, or a neqoxec, chance to affect: 31%)
The crimson imp easily resists.
The crimson imp blinks!
Unknown command.
Aiming: Polymorph
Press: ? - help, Shift-Dir - straight line, f/p - crimson imp
Aim: a crimson imp (will become a cerulean imp, a white imp, or a neqoxec, chance to affect: 31%)
The crimson imp evaporates and reforms as a cerulean imp!
Casting: Scorch (safe; 1% risk of failure)
Confirm with . or Enter, or press ? or * to list all spells.
You conjure some foxfire!
The cerulean imp hits you but does no damage.
The foxfire hits the cerulean imp but does no damage.
The foxfire hits the cerulean imp!
The cerulean imp closely misses you. 😕 HP[+1]
Casting: Foxfire (safe; 1% risk of failure)
Confirm with . or Enter, or press ? or * to list all spells.
Flames lash the cerulean imp.
You kill the cerulean imp! 😕 MP[-2]
You lost 2 mp, and now have 10/18 mp.
Casting: Scorch (safe; 1% risk of failure)
Confirm with . or Enter, or press ? or * to list all spells.
You can't see any susceptible monsters within range! (Use Z to cast anyway.)
There is an open door here.
There is an open door here.
Key pressed, stopping explore.
A scorpion comes into view.
Unknown command. 😎 HP[+1] MP[+8]
Your hp is fully restored (36).
Your mp is fully restored (18).
A scorpion is nearby!
A scorpion is nearby!
A scorpion is nearby!
Casting: Scorch (safe; 1% risk of failure)
Confirm with . or Enter, or press ? or * to list all spells.
You conjure some foxfire!
The foxfire hits the scorpion. x2; The scorpion stings you. 😕 HP[-3] MP[-1]
You take 3 damage, and now have 33/36 hp.
You lost 1 mp, and now have 17/18 mp.
Casting: Foxfire (safe; 1% risk of failure)
Confirm with . or Enter, or press ? or * to list all spells.
You conjure some foxfire!
The scorpion stings you.
You are poisoned.
The scorpion poisons you!
You feel sick.
The foxfire hits the scorpion but does no damage.
The foxfire hits the scorpion!
The scorpion stings you.
You are more poisoned.
The scorpion poisons you! 😮 HP[-7] MP[-1]
You take 7 damage, and now have 26/36 hp.
You lost 1 mp, and now have 16/18 mp.
Casting: Foxfire (safe; 1% risk of failure)
Confirm with . or Enter, or press ? or * to list all spells.
You conjure some foxfire!
You feel very sick. The scorpion stings you.
You are lethally poisoned!
The scorpion poisons you!
* * * LOW HITPOINT WARNING * * *
You feel very sick.
The foxfire hits the scorpion but does no damage.
The foxfire hits the scorpion.
The scorpion stings you.
* * * LOW HITPOINT WARNING * * *
You are more poisoned.
The scorpion poisons you!
The scorpion closely misses you. 😨 HP[-16]
You take 16 damage, and now have 10/36 hp.
MASSIVE DAMAGE!! (PAUSE)
Casting: Foxfire (safe; 1% risk of failure)
Confirm with . or Enter, or press ? or * to list all spells.
Flames lash the scorpion.
You kill the scorpion!
* * * LOW HITPOINT WARNING * * *
You feel extremely sick.
You die...

Skill      XL: |  1  2  3  4  5  6  7 |
---------------+----------------------+-----
Fire Magic     | 4 5 6 7 |  7.6
Conjurations   | 2 3 4 |  4.7
Hexes          | 1 2 3 |  3.0
Spellcasting   | 4 5 6 |  6.3
Dodging        | |  2.4
Stealth        | |  2.4

Action                     |  1- 3 |  4- 6 |  7- 9 || total
---------------------------+-------+-------+-------++-------
  Melee: Unarmed           |     1 |       |       ||     1
   Cast: Foxfire           |   120 |    89 |    49 ||   258
         Scorch            |     2 |    18 |     7 ||    27
  Evoke: Wand              |       |       |     2 ||     2
    Use: Scroll            |     4 |     4 |     1 ||     9
         Potion            |       |     1 |       ||     1
 Armour: Robe              |    18 |    24 |    29 ||    71
         Skin              |       |    10 |       ||    10
  Dodge: Dodged            |    10 |    16 |    13 ||    39

Levels and vault maps discovered:
D:1:      kennysheep_arrival_forest, layout_loops_corners,
          shapermc_ecumenical_altar_totnotflames, minmay_liquid_box,
          minmay_splitting_lines, solitary_fountain
D:2:      layout_basic, serial_shops, nicolae_shop_tiny_real_fake_doors
D:3:      layout_rooms, uniq_sigmund, uniq_jessica
D:4:      layout_basic, serial_shops, nicolae_lakefront_shop,
          nicolae_shop_scrapyard, nicolae_take_the_stairs
D:5:      layout_rooms, overflow_temple_1_default, nicolae_vehumet_altar_sigil,
          makhleb_grotto_becter

Notes
Turn   | Place    | Note
-------+----------+-------------------------------------------
     0 | D:1      | kae the Deep Elf Fire Elementalist began the quest for the
                  | Orb.
     0 | D:1      | Reached XP level 1. HP: 10/10 MP: 6/6
     0 | D:1      | magus.rc [v1.11.3]
    40 | D:1      | You pick up a book of the Wilderness and begin reading...
    40 | D:1      | You add the spells Summon Forest, Summon Mana Viper and
                  | Summon Cactus Giant to your library.
   232 | D:1      | Reached XP level 2. HP: 15/15 MP: 2/8
   328 | D:1      | Found a faded altar of an unknown god.
   660 | D:1      | You pick up a book of Alchemy and begin reading...
   660 | D:1      | You add the spells Sublimation of Blood, Petrify and
                  | Irradiate to your library.
   957 | D:1      | Reached skill level 4 in Fire Magic
  1319 | D:2      | Reached XP level 3. HP: 17/19 MP: 6/10
  1341 | D:2      | You pick up a book of Air and begin reading...
  1341 | D:2      | You add the spells Shock, Swiftness and Airstrike to your
                  | library.
  1416 | D:2      | Learned a level 2 spell: Scorch
  1425 | D:2      | Learned a level 3 spell: Inner Flame
  1826 | D:2      | Reached skill level 2 in Conjurations
  2141 | D:2      | Found Acasiuto's Weapon Emporium.
  2524 | D:3      | Noticed Jessica
  2631 | D:3      | Killed Jessica
  2632 | D:3      | Reached skill level 1 in Hexes
  2632 | D:3      | Reached XP level 4. HP: 24/24 MP: 8/11
  2739 | D:3      | Noticed Sigmund
  3320 | D:4      | Reached skill level 4 in Spellcasting
  3382 | D:4      | Reached skill level 2 in Hexes
  3382 | D:4      | Reached XP level 5. HP: 28/28 MP: 9/13
  3507 | D:4      | Found Noced's Distillery.
  3606 | D:4      | Reached skill level 5 in Fire Magic
  3696 | D:4      | Found Lijejaon's Magic Scroll Emporium.
  3712 | D:4      | Bought a scroll of revelation for 90 gold pieces
  3712 | D:4      | Bought a scroll of identify for 24 gold pieces
  4057 | D:4      | HP: 10/40 [wight/+4 falchion of freezing (5)]
  4057 | D:4      | HP: 2/40 [wight/+0 halberd (8)]
  4060 | D:4      | Reached skill level 3 in Conjurations
  4062 | D:4      | Reached XP level 6. HP: 5/32 MP: 6/14
  4063 | D:4      | Reached skill level 3 in Hexes
  4252 | D:4      | You pick up a book of Party Tricks and begin reading...
  4252 | D:4      | You add the spells Apportation, Jinxbite and Alistair's
                  | Intoxication to your library.
  4318 | D:4      | Reached skill level 5 in Spellcasting
  4318 | D:4      | Reached skill level 6 in Fire Magic
  4535 | D:4      | HP: 8/32 [orc wizard/puff of flame (10)]
  4732 | D:4      | Found Puamyatoi's Antique Armour Shop.
  4752 | D:4      | Bought an embroidered robe for 77 gold pieces
  4834 | D:4      | Reached XP level 7. HP: 32/36 MP: 4/17
  5129 | D:4      | Learned a level 4 spell: Flame Wave
  5133 | D:4      | Learned a level 3 spell: Volatile Blastmotes
  5153 | D:5      | Entered Level 5 of the Dungeon
  5187 | D:5      | Reached skill level 4 in Conjurations
  5346 | D:5      | Reached skill level 7 in Fire Magic
  5405 | D:5      | Reached skill level 6 in Spellcasting
  5625 | D:5      | Identified the +1 rapier of Autumn {heavy, Int+5 SInv}
  5680 | D:5      | Found a burning altar of Makhleb.
  5864 | D:5      | HP: 3/36 [poisoned by a scorpion]
  5865 | D:5      | Succumbed to a scorpion's poison

Vanquished Creatures
  A phantom (D:5)
  2 scorpions (D:5)
  4 wights (D:4)
  A howler monkey (D:5)
  A cerulean imp (D:5)
  A hound (D:4)
  2 orc priests (D:4)
  A gnoll bouda (D:5)
  A sleepcap (D:5)
  Jessica (D:3)
  3 iguanas
  2 orc wizards (D:4)
  6 gnolls
  3 adders
  2 worms
  A dart slug (D:5)
  12 orcs
  6 endoplasms
  A giant cockroach (D:1)
  6 goblins
  9 hobgoblins
  2 jackals (D:2)
  7 quokkas
  6 ball pythons
  7 bats
  3 frilled lizards (D:3)
  16 kobolds
  5 rats
112 creatures vanquished.

Vanquished Creatures (others)
  438 foxfires
438 creatures vanquished.

Grand Total: 550 creatures vanquished

Table legend:
 A = Non-vault XP
 B = Vault XP
 C = Vault XP percentage of total XP
 D = Non-vault monster count
 E = Vault monster count
 F = Vault count percentage of total count
                 A         B        C        D         E       F
            +---------+---------+-------+---------+---------+-------
      Total |    1294 |      82 |   6.0 |     110 |       2 |   1.8
            +---------+---------+-------+---------+---------+-------
        D:1 |      38 |       0 |   0.0 |      23 |       0 |   0.0
        D:2 |      42 |       0 |   0.0 |      25 |       0 |   0.0
        D:3 |      29 |      37 |  56.1 |      16 |       1 |   5.9
        D:4 |     630 |       0 |   0.0 |      30 |       0 |   0.0
        D:5 |     555 |      45 |   7.5 |      16 |       1 |   5.9
            +---------+---------+-------+---------+---------+-------

Skill      XL: |  1  2  3  4  5  6  7 |
---------------+----------------------+-----
Fire Magic     | 4 5 6 7 |  7.6
Conjurations   | 2 3 4 |  4.7
Hexes          | 1 2 3 |  3.0
Spellcasting   | 4 5 6 |  6.3
Dodging        | |  2.4
Stealth        | |  2.4

Action                     |  1- 3 |  4- 6 |  7- 9 || total
---------------------------+-------+-------+-------++-------
  Melee: Unarmed           |     1 |       |       ||     1
   Cast: Foxfire           |   120 |    89 |    49 ||   258
         Scorch            |     2 |    18 |     7 ||    27
  Evoke: Wand              |       |       |     2 ||     2
    Use: Scroll            |     4 |     4 |     1 ||     9
         Potion            |       |     1 |       ||     1
 Armour: Robe              |    18 |    24 |    29 ||    71
         Skin              |       |    10 |       ||    10
  Dodge: Dodged            |    10 |    16 |    13 ||    39

Illustrated notes

Table legend:
 A = Kills in this place as a percentage of kills in the entire game.
 B = Kills by you in this place as a percentage of kills by you in the entire game.
 C = Kills by friends in this place as a percentage of kills by friends in the entire game.
 D = Other kills in this place as a percentage of other kills in the entire game.
 E = Experience gained in this place as a percentage of experience gained in the entire game.
 F = Experience gained in this place divided by the number of levels of this place that you have seen.
                   A       B       C       D       E      F
               +-------+-------+-------+-------+-------+----------------------
         Total | 100.0 | 100.0 |   N/A |   N/A | 100.0 | 275.2
       Dungeon | 100.0 | 100.0 |   N/A |   N/A | 100.0 | 275.2
               +-------+-------+-------+-------+-------+----------------------

Table legend: (Time is in decaauts)
 A = Elapsed time spent in this place.
 B = Non-inter-level travel time spent in this place.
 C = Inter-level travel time spent in this place.
 D = Time resting spent in this place.
 E = Time spent auto-exploring this place.
 F = Levels seen in this place.
 G = Mean time per level.
                   A        B        C        D        E       F      G
               +--------+--------+--------+--------+--------+-----+--------+
         Total |   5859 |   5710 |    149 |    234 |   4607 |   5 | 1171.8 |
       Dungeon |   5859 |   5710 |    149 |    234 |   4607 |   5 | 1171.8 |
               +--------+--------+--------+--------+--------+-----+--------+

Top non-repeatable levels by time:
     D:4: 1806 daAuts
     D:1: 1308 daAuts
     D:2: 1167 daAuts
     D:3: 865 daAuts
     D:5: 711 daAuts
